[ AOE2 MATCH · #495412037 ]
UnrankedMongols vs Khitans
Player's team · WIN
Rival team · LOSS
[ REPLAY ANALYSIS · EXTRACTED FROM THE RECORDED GAME ]
Feudal
8:35
Castle
—
Imperial
—
| APM avg | 94.6 |
| APM peak | 154 |
| eAPM avg | 45.5 |
| Villagers / military | 61 / 29 |
Focus
⚔️ 55.0% · 🌾 45.0%
Archer ×15 · Spearman ×8 · Militia ×6
Feudal
10:08
Castle
—
Imperial
—
| APM avg | 51.4 |
| APM peak | 92 |
| eAPM avg | 20.7 |
| Villagers / military | 45 / 5 |
Focus
⚔️ 16.7% · 🌾 83.3%
Scout Cavalry ×5
Match map
Initial resources + every placement click. Lines = walls · curves = elevation contours. ◆ gold · ⬟ stone · ● berries · ✦ relic · ◌ wall gap
Your base· Open — unwalled flank
Kaepirinha's base· Open — 7t gap
Smoothed initial terrain · ◌ = detected wall gap · hover for details
Inputs per minute
— SVTT | Альпинист - - Kaepirinha
Build order — SVTT | Альпинист
140 actions detected in the replay
| 0:01 | Queue | Villager (Male) |
| 0:01 | Queue | Villager (Male) |
| 0:02 | Queue | Villager (Male) |
| 0:02 | Build | House |
| 0:03 | Build | House |
| 0:09 | Queue | Villager (Male) |
| 0:09 | Queue | Villager (Male) |
| 0:09 | Queue | Villager (Male) |
| 1:30 | Queue | Villager (Male) |
| 1:30 | Queue | Villager (Male) |
| 1:49 | Queue | Villager (Male) |
| 1:49 | Queue | Villager (Male) |
| 1:59 | Build | Lumber Camp |
| 2:19 | Queue | Villager (Male) |
| 2:22 | Queue | Villager (Male) |
| 2:22 | Queue | Villager (Male) |
| 2:53 | Queue | Villager (Male) |
| 2:53 | Queue | Villager (Male) |
| 2:54 | Queue | Villager (Male) |
| 3:18 | Queue | Villager (Male) |
| 3:18 | Queue | Villager (Male) |
| 3:18 | Queue | Villager (Male) |
| 3:39 | Build | House |
| 3:59 | Queue | Villager (Male) |
| 4:04 | Queue | Villager (Male) |
| 4:04 | Queue | Villager (Male) |
| 4:05 | Queue | Villager (Male) |
| 4:23 | Queue | Villager (Male) |
| 5:11 | Build | Barracks |
| 5:47 | Queue | Villager (Male) |
| 6:00 | Build | House |
| 6:25 | Research | Feudal Age |
| 6:25 | Research | Feudal Age |
| 6:43 | Queue | Militia |
| 6:44 | Queue | Militia |
| 6:56 | Queue | Militia |
| 6:57 | Queue | Militia |
| 7:02 | Build | Mining Camp |
| 7:19 | Queue | Militia |
| 7:19 | Queue | Militia |
| 7:53 | Build | House |
| 8:02 | Queue | Villager (Male) |
| 8:20 | Research | Loom |
| 8:22 | Queue | Villager (Male) |
| 8:35 | Age | Feudal Age |
| 8:38 | Build | Archery Range |
| 8:39 | Research | Man-at-Arms (upgrade) |
| 8:39 | Research | Man-at-Arms (upgrade) |
| 8:49 | Research | Double-Bit Axe |
| 9:19 | Queue | Archer |
| 9:20 | Queue | Archer |
| 9:27 | Build | Outpost |
| 9:52 | Build | Watch Tower |
| 9:53 | Queue | Archer |
| 9:53 | Queue | Archer |
| 10:01 | Queue | Villager (Male) |
| 10:01 | Queue | Villager (Male) |
| 10:01 | Queue | Villager (Male) |
| 10:01 | Queue | Villager (Male) |
| 10:04 | Build | Mill |
| 10:27 | Build | Palisade Wall |
| 10:27 | Build | Palisade Wall |
| 10:29 | Build | Palisade Wall |
| 10:42 | Queue | Villager (Male) |
| 10:42 | Queue | Villager (Male) |
| 10:53 | Queue | Archer |
| 10:53 | Queue | Archer |
| 11:28 | Build | House |
| 11:32 | Queue | Villager (Male) |
| 11:32 | Queue | Villager (Male) |
| 11:41 | Queue | Archer |
| 11:42 | Queue | Spearman |
| 12:02 | Queue | Spearman |
| 12:19 | Queue | Archer |
| 12:19 | Queue | Archer |
| 12:19 | Queue | Archer |
| 12:20 | Queue | Archer |
| 12:25 | Build | Farm |
| 12:26 | Build | Farm |
| 12:26 | Build | Farm |
| 12:26 | Build | Farm |
| 12:29 | Build | House |
| 12:41 | Build | House |
| 13:02 | Queue | Archer |
| 13:02 | Queue | Archer |
| 13:20 | Build | House |
| 13:20 | Queue | Villager (Male) |
| 13:20 | Queue | Villager (Male) |
| 13:21 | Queue | Villager (Male) |
| 13:32 | Queue | Villager (Male) |
| 13:32 | Queue | Villager (Male) |
| 13:34 | Build | Palisade Wall |
| 13:38 | Build | House |
| 13:39 | Build | Palisade Wall |
| 14:04 | Queue | Villager (Male) |
| 14:05 | Queue | Villager (Male) |
| 14:11 | Queue | Villager (Male) |
| 14:11 | Queue | Villager (Male) |
| 14:17 | Build | Mining Camp |
| 14:22 | Queue | Spearman |
| 14:23 | Queue | Spearman |
| 14:23 | Queue | Spearman |
| 14:28 | Queue | Archer |
| 14:28 | Queue | Archer |
| 14:51 | Queue | Villager (Male) |
| 14:51 | Queue | Villager (Male) |
| 14:51 | Queue | Villager (Male) |
| 15:06 | Queue | Villager (Male) |
| 15:06 | Queue | Villager (Male) |
| 15:12 | Build | Farm |
| 15:12 | Build | Farm |
| 15:25 | Queue | Villager (Male) |
| 15:25 | Queue | Villager (Male) |
| 15:33 | Build | Farm |
| 15:36 | Build | Farm |
| 15:36 | Queue | Villager (Male) |
| 15:37 | Queue | Villager (Male) |
| 15:41 | Queue | Villager (Male) |
| 16:10 | Queue | Villager (Male) |
| 16:14 | Queue | Spearman |
| 16:32 | Queue | Villager (Male) |
| 16:36 | Build | Blacksmith |
| 16:41 | Queue | Spearman |
| 16:48 | Queue | Spearman |
| 17:00 | Queue | Villager (Male) |
| 17:31 | Build | Watch Tower |
| 17:33 | Research | Fletching |
| 17:42 | Queue | Villager (Male) |
| 17:43 | Build | Farm |
| 17:46 | Research | Scale Mail Armor |
| 17:46 | Queue | Villager (Male) |
| 18:02 | Build | Market |
| 18:14 | Build | Watch Tower |
| 18:55 | Queue | Villager (Male) |
| 19:04 | Build | House |
| 19:05 | Build | Palisade Wall |
| 19:06 | Queue | Villager (Male) |
| 19:19 | Build | Farm |
| 19:19 | Build | Farm |
| 19:24 | Build | Farm |
Build order — Kaepirinha
103 actions detected in the replay
| 0:00 | Queue | Villager (Male) |
| 0:00 | Queue | Villager (Male) |
| 0:01 | Queue | Villager (Male) |
| 0:03 | Build | House |
| 0:04 | Build | House |
| 0:24 | Queue | Villager (Male) |
| 1:28 | Queue | Villager (Male) |
| 1:29 | Queue | Villager (Male) |
| 1:51 | Build | Lumber Camp |
| 2:05 | Queue | Villager (Male) |
| 2:06 | Queue | Villager (Male) |
| 2:13 | Queue | Villager (Male) |
| 2:39 | Build | House |
| 3:10 | Queue | Villager (Male) |
| 3:10 | Queue | Villager (Male) |
| 3:10 | Queue | Villager (Male) |
| 3:11 | Queue | Villager (Male) |
| 3:43 | Queue | Villager (Male) |
| 4:27 | Build | Mill |
| 4:39 | Queue | Villager (Male) |
| 4:39 | Queue | Villager (Male) |
| 4:55 | Queue | Villager (Male) |
| 5:41 | Queue | Villager (Male) |
| 5:41 | Queue | Villager (Male) |
| 5:49 | Build | House |
| 6:19 | Queue | Villager (Male) |
| 6:30 | Build | House |
| 6:33 | Build | Palisade Wall |
| 6:35 | Queue | Villager (Male) |
| 6:58 | Queue | Villager (Male) |
| 7:05 | Research | Loom |
| 7:51 | Build | Palisade Wall |
| 7:54 | Build | Barracks |
| 7:58 | Research | Feudal Age |
| 8:03 | Build | Palisade Wall |
| 8:25 | Build | House |
| 8:45 | Build | House |
| 8:51 | Build | Palisade Gate |
| 9:19 | Build | House |
| 9:30 | Build | House |
| 9:31 | Build | House |
| 9:53 | Build | Palisade Wall |
| 9:55 | Build | Palisade Wall |
| 9:58 | Build | Palisade Wall |
| 10:00 | Build | Palisade Wall |
| 10:08 | Age | Feudal Age |
| 10:13 | Build | Stable |
| 10:23 | Research | Double-Bit Axe |
| 10:23 | Queue | Villager (Male) |
| 10:31 | Queue | Villager (Male) |
| 10:35 | Build | Palisade Wall |
| 10:45 | Queue | Scout Cavalry |
| 10:45 | Queue | Scout Cavalry |
| 10:45 | Queue | Villager (Male) |
| 11:34 | Queue | Scout Cavalry |
| 11:34 | Queue | Villager (Male) |
| 11:42 | Build | House |
| 11:45 | Build | Palisade Wall |
| 11:47 | Queue | Villager (Male) |
| 12:01 | Build | Lumber Camp |
| 12:28 | Build | Pasture |
| 12:43 | Build | Watch Tower |
| 12:52 | Build | Palisade Wall |
| 12:54 | Build | Palisade Wall |
| 13:31 | Build | Pasture |
| 13:32 | Build | Pasture |
| 13:52 | Queue | Villager (Male) |
| 14:09 | Build | Blacksmith |
| 14:10 | Build | Palisade Wall |
| 14:16 | Build | Pasture |
| 14:17 | Queue | Villager (Male) |
| 14:31 | Build | Palisade Wall |
| 14:33 | Build | Palisade Wall |
| 14:58 | Queue | Villager (Male) |
| 15:04 | Build | Palisade Gate |
| 15:08 | Build | House |
| 15:10 | Queue | Villager (Male) |
| 15:16 | Build | Pasture |
| 15:24 | Queue | Villager (Male) |
| 15:32 | Queue | Scout Cavalry |
| 15:32 | Queue | Villager (Male) |
| 15:53 | Queue | Villager (Male) |
| 15:59 | Build | Mining Camp |
| 16:18 | Build | Palisade Wall |
| 16:21 | Build | Palisade Wall |
| 16:26 | Queue | Villager (Male) |
| 16:42 | Research | Forging |
| 16:46 | Build | Pasture |
| 16:47 | Queue | Villager (Male) |
| 17:04 | Queue | Villager (Male) |
| 17:12 | Build | Pasture |
| 17:13 | Queue | Villager (Male) |
| 17:21 | Queue | Scout Cavalry |
| 17:26 | Build | House |
| 17:35 | Queue | Villager (Male) |
| 17:57 | Build | Watch Tower |
| 18:05 | Queue | Villager (Male) |
| 18:09 | Queue | Villager (Male) |
| 18:22 | Queue | Villager (Male) |
| 18:25 | Queue | Villager (Male) |
| 18:55 | Queue | Villager (Male) |
| 19:11 | Queue | Villager (Male) |
| 19:23 | Build | Pasture |
Match timeline
| 5:11 | SVTT | Альпинист · first_building Barracks |
| 6:33 | Kaepirinha · wall_segment Palisade Wall x7 |
| 7:51 | Kaepirinha · wall_segment Palisade Wall x2 |
| 7:54 | Kaepirinha · first_building Barracks |
| 8:03 | Kaepirinha · wall_segment Palisade Wall x11 |
| 8:35 | SVTT | Альпинист · age_up feudal |
| 8:38 | SVTT | Альпинист · first_building Archery Range |
| 9:53 | Kaepirinha · wall_segment Palisade Wall x1 |
| 9:55 | Kaepirinha · wall_segment Palisade Wall x1 |
| 9:58 | Kaepirinha · wall_segment Palisade Wall x1 |
| 10:00 | Kaepirinha · wall_segment Palisade Wall x1 |
| 10:08 | Kaepirinha · age_up feudal |
| 10:13 | Kaepirinha · first_building Stable |
| 10:27 | SVTT | Альпинист · wall_segment Palisade Wall x1 |
| 10:27 | SVTT | Альпинист · wall_segment Palisade Wall x1 |
| 10:29 | SVTT | Альпинист · wall_segment Palisade Wall x1 |
| 10:35 | Kaepirinha · wall_segment Palisade Wall x1 |
| 11:45 | Kaepirinha · wall_segment Palisade Wall x1 |
| 12:52 | Kaepirinha · wall_segment Palisade Wall x7 |
| 12:54 | Kaepirinha · wall_segment Palisade Wall x5 |
| 13:34 | SVTT | Альпинист · wall_segment Palisade Wall x3 |
| 13:39 | SVTT | Альпинист · wall_segment Palisade Wall x5 |
| 14:10 | Kaepirinha · wall_segment Palisade Wall x1 |
| 14:31 | Kaepirinha · wall_segment Palisade Wall x5 |
| 14:33 | Kaepirinha · wall_segment Palisade Wall x1 |
| 16:18 | Kaepirinha · wall_segment Palisade Wall x1 |
| 16:21 | Kaepirinha · wall_segment Palisade Wall x1 |
| 19:05 | SVTT | Альпинист · wall_segment Palisade Wall x1 |
| 19:14 | SVTT | Альпинист · first_market_buy 100 food |
| 19:28 | Kaepirinha · resign |
[ AI ANALYSIS · 1 CREDIT ]
What really happened in this match?
Wolo.gg analyzes every decision: build order, eco, micro, common mistakes by bracket. Personalized analysis on WhatsApp or Discord in 30 seconds.
Civ guide
Mongols
Perfil
Jugador #6375678